ABL
GEELONG CATS @ ESSENDON KNIGHTS
08/02/2022
 
TOP OF THE 1ST
Geelong Cats batting - Pitching for Essendon Knights : RHP Les Waycott
Pitching: RHP Les Waycott
Batting: RHB Brandon Horopapera 0-0: Ball
1-0: Fly out, F9 (Flyball, 9LS, EV 87.5 MPH)
Batting: RHB Brian Sellick 0-0: Ground out 6-3 (Groundball, 6M, EV 83.1 MPH)
Batting: LHB Coty Teevan 0-0: Ball
1-0: Ball
2-0: Foul Ball, location: 2F
2-1: Called Strike
2-2: Ball
3-2: Strikes out looking
Top of the 1st over - 0 runs, 0 hits, 0 errors, 0 left on base; Geelong 0 - Essendon 0
BOTTOM OF THE 1ST
Essendon Knights batting - Pitching for Geelong Cats : RHP Con Jackson
Pitching: RHP Con Jackson
Batting: LHB Geoff Sandow 0-0: Called Strike
0-1: Ball
1-1: Ball
2-1: Foul Ball, location: 2F
2-2: Foul Ball, location: 5F
2-2: Foul Ball, location: 2F
2-2: SINGLE (Line Drive, 89S, EV 98.8 MPH)
Batting: SHB Claud Gard 0-0: Ball
1-0: Ball
2-0: Hit by Pitch
Geoff Sandow to second
Batting: LHB Tristan Starling 0-0: Ball
1-0: Foul Ball, location: 5F
1-1: Foul Ball, location: 23F
1-2: Ball
2-2: Fly out, F8 (Flyball, 8LM, EV 94.4 MPH)
Batting: RHB Chase Binns 0-0: Ball
1-0: Foul Ball, location: 9LMF
1-1: Swinging Strike
1-2: SINGLE (Groundball, 3S, EV 74.4 MPH) (infield hit)
Geoff Sandow to third
Claud Gard to second
Batting: LHB Ben Honeyfield 0-0: Ball
1-0: Called Strike
1-1: Called Strike
1-2: Ball
2-2: Foul Ball, location: 2F
2-2: Fly out, F4 (Popup, 4, EV 64.4 MPH)
Batting: RHB Garrick Grendon 0-0: Ground out 3-1 (Groundball, 34, EV 86.9 MPH)
Bottom of the 1st over - 0 runs, 2 hits, 0 errors, 3 left on base; Geelong 0 - Essendon 0
TOP OF THE 2ND
Geelong Cats batting - Pitching for Essendon Knights : RHP Les Waycott
Batting: RHB Brian Telfer 0-0: Ball
1-0: Called Strike
1-1: Called Strike
1-2: Strikes out swinging, 2-3 out at first.
Batting: LHB Freddy Marley 0-0: Ball
1-0: Called Strike
1-1: Ball
2-1: Foul Ball, location: 2F
2-2: Ball
3-2: Foul Ball, location: 7LMF
3-2: Fly out, F7 (Flyball, 78M, EV 100.0 MPH)
Batting: RHB Frederick Ella 0-0: Ball
1-0: SOLO HOME RUN (Flyball, 78XD, EV 110.0 MPH), Distance : 413 ft
Batting: RHB Rusty Corey 0-0: Called Strike
0-1: Swinging Strike
0-2: Ball
1-2: Ball
2-2: Ball
3-2: Strikes out swinging
Top of the 2nd over - 1 run, 1 hit, 0 errors, 0 left on base; Geelong 1 - Essendon 0
BOTTOM OF THE 2ND
Essendon Knights batting - Pitching for Geelong Cats : RHP Con Jackson
Batting: RHB Jefferson Scoley 0-0: Called Strike
0-1: SINGLE (Groundball, 56D, EV 106.3 MPH) (infield hit)
Batting: RHB Les Waycott 0-0: Bunted foul
0-1: Bunted foul
0-2: Bunt missed, Strikeout!
Batting: RHB Brad Rogerson 0-0: Swinging Strike
0-1: Ball
1-1: Ball
2-1: Ball
3-1: Foul Ball, location: 23F
3-2: Foul Ball, location: 2F
3-2: Foul Ball, location: 23F
3-2: SINGLE (Groundball, 4MS, EV 75.6 MPH) (infield hit)
Jefferson Scoley to second
Batting: LHB Geoff Sandow 0-0: Fly out, F7 (Flyball, 7, EV 98.1 MPH)
Batting: SHB Claud Gard 0-0: Called Strike
0-1: Called Strike
0-2: Ball
1-2: Strikes out looking
Bottom of the 2nd over - 0 runs, 2 hits, 0 errors, 2 left on base; Geelong 1 - Essendon 0
TOP OF THE 3RD
Geelong Cats batting - Pitching for Essendon Knights : RHP Les Waycott
Batting: RHB Erik Lucking 0-0: Fly out, F7 (Flyball, 78S, EV 84.4 MPH)
Batting: RHB Con Jackson 0-0: Called Strike
0-1: Foul Ball, location: 25F
0-2: Ball
1-2: Ball
2-2: Strikes out swinging
Batting: RHB Brandon Horopapera 0-0: Foul Ball, location: 9LMF
0-1: Ball
1-1: SINGLE (Groundball, 5D, EV 103.1 MPH)
Batting: RHB Brian Sellick 0-0: Ground out U3 (Groundball, 3L, EV 83.1 MPH)
Top of the 3rd over - 0 runs, 1 hit, 0 errors, 1 left on base; Geelong 1 - Essendon 0
BOTTOM OF THE 3RD
Essendon Knights batting - Pitching for Geelong Cats : RHP Con Jackson
Batting: LHB Tristan Starling 0-0: Called Strike
0-1: Ball
1-1: Ball
2-1: SINGLE (Flyball, 34D, EV 90.0 MPH)
Batting: RHB Chase Binns 0-0: Ball
1-0: Called Strike
1-1: SINGLE (Groundball, 34D, EV 108.1 MPH)
Tristan Starling to second
Runner from 2nd tries for 3rd, SAFE, throw by RF made to third
Batting: LHB Ben Honeyfield 0-0: Called Strike
0-1: Ball
1-1: Fielders Choice at 2nd, 3-6 (Groundball, 3S, EV 82.5 MPH)
Tristan Starling scores
Batting: RHB Garrick Grendon 0-0: Foul Ball, location: 23F
0-1: Ball
1-1: Ball
2-1: Ball
3-1: Grounds into double play, 6-4-3 (Groundball, 6, EV 102.5 MPH)
Bottom of the 3rd over - 1 run, 2 hits, 0 errors, 0 left on base; Geelong 1 - Essendon 1
TOP OF THE 4TH
Geelong Cats batting - Pitching for Essendon Knights : RHP Les Waycott
Batting: LHB Coty Teevan 0-0: Foul Ball, location: 3DF
0-1: Foul Ball, location: 7LDF
0-2: Foul Ball, location: 7LSF
0-2: Ball
1-2: Strikes out swinging
Batting: RHB Brian Telfer 0-0: Fly out, F5 (Popup, 56, EV 68.8 MPH)
Batting: LHB Freddy Marley 0-0: Ball
1-0: Reached via error on a dropped throw from SS, E3 (Groundball, 56, EV 81.9 MPH)
Batting: RHB Frederick Ella 0-0: Ball
1-0: Foul Ball, location: 3F
1-1: Fielders Choice at 2nd, 5-4 (Groundball, 56, EV 90.0 MPH)
Top of the 4th over - 0 runs, 0 hits, 1 error, 1 left on base; Geelong 1 - Essendon 1
BOTTOM OF THE 4TH
Essendon Knights batting - Pitching for Geelong Cats : RHP Con Jackson
Batting: RHB Jefferson Scoley 0-0: Ball
1-0: Swinging Strike
1-1: Ground out 6-3 (Groundball, 6, EV 105.0 MPH)
Batting: RHB Les Waycott 0-0: Swinging Strike
0-1: Ball
1-1: Foul Ball, location: 7LMFF
1-2: Ball
2-2: Strikes out looking
Batting: RHB Brad Rogerson 0-0: Ball
1-0: Ball
2-0: Ball
3-0: Base on Balls
Batting: LHB Geoff Sandow 0-0: Ball
1-0: Called Strike
1-1: Foul Ball, location: 2F
1-2: Strikes out looking
Bottom of the 4th over - 0 runs, 0 hits, 0 errors, 1 left on base; Geelong 1 - Essendon 1
TOP OF THE 5TH
Geelong Cats batting - Pitching for Essendon Knights : RHP Les Waycott
Batting: RHB Rusty Corey 0-0: Ground out 6-3 (Groundball, 6, EV 91.9 MPH)
Batting: RHB Erik Lucking 0-0: Ball
1-0: Foul Ball, location: 5DF
1-1: SINGLE (Groundball, 56S, EV 67.5 MPH) (infield hit)
Batting: RHB Con Jackson 0-0: Called Strike
0-1: Fly out, F9 (Flyball, 9, EV 92.5 MPH)
Batting: RHB Brandon Horopapera 0-0: Ball
1-0: Ball
2-0: Called Strike
2-1: Called Strike
2-2: Ball
3-2: Foul Ball, location: 25F
3-2: Foul Ball, location: 2F
3-2: Base on Balls
Erik Lucking to second
Batting: RHB Brian Sellick 0-0: Called Strike
0-1: Called Strike
0-2: Foul Ball, location: 9LSFF
0-2: Ball
1-2: Ball
2-2: Ball
3-2: SINGLE (Groundball, 56S, EV 68.8 MPH) (infield hit)
Erik Lucking to third
Brandon Horopapera to second
Batting: LHB Coty Teevan 0-0: Ball
1-0: Foul Ball, location: 7LSF
1-1: Ball
2-1: SINGLE (Flyball, 6D, EV 91.9 MPH)
Erik Lucking scores
Brandon Horopapera to third
Brian Sellick to second
Runner from 3rd tries for Home, SAFE, throw by CF to home
Batting: RHB Brian Telfer 0-0: Ball
1-0: Foul Ball, location: 9LSF
1-1: Foul Ball, location: 3FF
1-2: Ball
2-2: Fly out, F7 (Flyball, 7, EV 79.4 MPH)
Top of the 5th over - 2 runs, 3 hits, 0 errors, 2 left on base; Geelong 3 - Essendon 1
BOTTOM OF THE 5TH
Essendon Knights batting - Pitching for Geelong Cats : RHP Con Jackson
Batting: SHB Claud Gard 0-0: Ball
1-0: SINGLE (Groundball, 5S, EV 67.5 MPH) (infield hit)
Batting: LHB Tristan Starling 0-0: Ball
1-0: Hit by Pitch
Claud Gard to second
Batting: RHB Chase Binns 0-0: Ball
1-0: Fly out, F7 (Flyball, 78M, EV 95.0 MPH)
Batting: LHB Ben Honeyfield 0-0: Called Strike
0-1: Foul Ball, location: 23F
0-2: Ball
1-2: Ball
2-2: Grounds into double play, 6-4-3 (Groundball, 6, EV 98.8 MPH)
Bottom of the 5th over - 0 runs, 1 hit, 0 errors, 1 left on base; Geelong 3 - Essendon 1
TOP OF THE 6TH
Geelong Cats batting - Pitching for Essendon Knights : RHP Les Waycott
Batting: LHB Freddy Marley 0-0: Ball
1-0: Ball
2-0: Ball
3-0: Called Strike
3-1: Base on Balls
Batting: RHB Frederick Ella 0-0: Sac Bunt to 15 - play at first, batter OUT! 1-3
Freddy Marley to second
Batting: RHB Rusty Corey 0-0: DOUBLE (Line Drive, 3D, EV 108.1 MPH)
Freddy Marley scores
Batting: RHB Erik Lucking 0-0: Foul Ball, location: 2F
0-1: Ball
1-1: Foul Ball, location: 7LSF
1-2: Ground out 6-3 (Groundball, 6, EV 86.9 MPH)
Batting: RHB Con Jackson 0-0: Called Strike
0-1: Ball
1-1: Swinging Strike
1-2: Strikes out swinging
Top of the 6th over - 1 run, 1 hit, 0 errors, 1 left on base; Geelong 4 - Essendon 1
BOTTOM OF THE 6TH
Essendon Knights batting - Pitching for Geelong Cats : RHP Con Jackson
Batting: RHB Garrick Grendon 0-0: Ball
1-0: Fly out, F9 (Flyball, 9S, EV 81.3 MPH)
Batting: RHB Jefferson Scoley 0-0: Foul Ball, location: 2F
0-1: Called Strike
0-2: Ball
1-2: Ball
2-2: SINGLE (Line Drive, 6D, EV 97.5 MPH)
Pinch Hitting: RHB Ziggy Williams
Pitching: RHP Dustan Blair 0-0: SINGLE (Line Drive, 89M, EV 105.6 MPH)
Jefferson Scoley to second
Batting: RHB Brad Rogerson 0-0: Ball
1-0: Ball
2-0: Ball
3-0: Base on Balls
Jefferson Scoley to third
Ziggy Williams to second
Pitching: LHP Corie Nash
Batting: LHB Geoff Sandow 0-0: Ball
1-0: Called Strike
1-1: Ball
2-1: Foul Ball, location: 7LMF
2-2: Strikes out swinging
Pitching: RHP Dominic Pyatt
Batting: SHB Claud Gard 0-0: Called Strike
0-1: Ball
1-1: Ball
2-1: Ball
3-1: Foul Ball, location: 2F
3-2: Base on Balls
Jefferson Scoley scores
Ziggy Williams to third
Brad Rogerson to second
Batting: LHB Tristan Starling 0-0: Fly out, F6 (Popup, 6M, EV 75.0 MPH)
Bottom of the 6th over - 1 run, 2 hits, 0 errors, 3 left on base; Geelong 4 - Essendon 2
TOP OF THE 7TH
Geelong Cats batting - Pitching for Essendon Knights : RHP Les Waycott
Pitching: RHP Collin Wilday
Batting: RHB Brandon Horopapera 0-0: Ball
1-0: Swinging Strike
1-1: Swinging Strike
1-2: Foul Ball, location: 2F
1-2: Ball
2-2: Foul Ball, location: 9LMF
2-2: Ball
3-2: Foul Ball, location: 2F
3-2: Strikes out swinging
Batting: RHB Brian Sellick 0-0: Foul Ball, location: 3F
0-1: Ground out 6-3 (Groundball, 6S, EV 85.0 MPH)
Batting: LHB Coty Teevan 0-0: Ball
1-0: Called Strike
1-1: SOLO HOME RUN (Flyball, 9LD, EV 93.1 MPH), Distance : 338 ft
Batting: RHB Brian Telfer 0-0: Ball
1-0: Ball
2-0: Ball
3-0: Called Strike
3-1: Called Strike
3-2: SINGLE (Groundball, 56S, EV 69.4 MPH) (infield hit)
Batting: LHB Freddy Marley 0-0: Foul Ball, location: 7LDF
0-1: DOUBLE (Flyball, 89D, EV 92.5 MPH)
Brian Telfer to third
Batting: RHB Frederick Ella 0-0: Ball
1-0: Ball
2-0: DOUBLE (Line Drive, 89D, EV 111.3 MPH)
Brian Telfer scores
Freddy Marley scores
Pitching: RHP Matthew Westaway
Batting: RHB Rusty Corey 0-0: Ball
1-0: Ground out 5-3 (Groundball, 56, EV 86.3 MPH)
Top of the 7th over - 3 runs, 4 hits, 0 errors, 1 left on base; Geelong 7 - Essendon 2
BOTTOM OF THE 7TH
Essendon Knights batting - Pitching for Geelong Cats : RHP Dominic Pyatt
Batting: RHB Chase Binns 0-0: Called Strike
0-1: Ball
1-1: Ball
2-1: Ground out U3 (Groundball, 34S, EV 85.0 MPH)
Batting: LHB Ben Honeyfield 0-0: Ball
1-0: Foul Ball, location: 3SF
1-1: Ball
2-1: Foul Ball, location: 7LDF
2-2: Strikes out swinging
Batting: RHB Garrick Grendon 0-0: Foul Ball, location: 5F
0-1: Fly out, F8 (Flyball, 8LD, EV 91.9 MPH)
Bottom of the 7th over - 0 runs, 0 hits, 0 errors, 0 left on base; Geelong 7 - Essendon 2
TOP OF THE 8TH
Geelong Cats batting - Pitching for Essendon Knights : RHP Matthew Westaway
Batting: RHB Erik Lucking 0-0: Ground out 5-3 (Groundball, 56S, EV 69.4 MPH)
Pinch Hitting: LHB Jamie Francis 0-0: Ball
1-0: SINGLE (Flyball, 5D, EV 103.1 MPH)
Batting: RHB Brandon Horopapera 0-0: DOUBLE (Groundball, 5L, EV 106.9 MPH)
Jamie Francis to third
Runner from 3rd tries for Home, SAFE, no throw by LF
Batting: RHB Brian Sellick 0-0: Called Strike
0-1: Ball
1-1: SINGLE (Line Drive, 6M, EV 96.3 MPH)
Brandon Horopapera to third
Batting: LHB Coty Teevan 0-0: Swinging Strike
0-1: Ball
1-1: DOUBLE (Line Drive, 89D, EV 101.9 MPH)
Brandon Horopapera scores
Brian Sellick to third
Batting: RHB Brian Telfer 0-0: Ball
1-0: Foul Ball, location: 2LF
1-1: Foul Ball, location: 2F
1-2: Fly out, F3 (Popup, 3, EV 68.8 MPH)
Batting: LHB Freddy Marley 0-0: Ball
1-0: Ground out 1-3 (Groundball, P, EV 65.6 MPH)
Top of the 8th over - 2 runs, 4 hits, 0 errors, 2 left on base; Geelong 9 - Essendon 2
BOTTOM OF THE 8TH
Essendon Knights batting - Pitching for Geelong Cats : RHP Dominic Pyatt
Pitching: RHP E.C. Alaula
Pinch Hitting: RHB Alex Barria 0-0: Foul Ball, location: 5SF
0-1: Ball
1-1: Ball
2-1: Ground out 6-3 (Groundball, 56, EV 90.0 MPH)
Batting: LHB Matthew Westaway 0-0: Ground out 6-3 (Groundball, 56D, EV 96.9 MPH)
Batting: RHB Brad Rogerson 0-0: Ball
1-0: Ball
2-0: Swinging Strike
2-1: Swinging Strike
2-2: Reached on error, E6 (Groundball, 6, EV 105.0 MPH)
Batting: LHB Geoff Sandow 0-0: Ball
1-0: Foul Ball, location: 7LSF
1-1: Foul Ball, location: 7LDF
1-2: Ball
2-2: Fly out, F7 (Flyball, 7LD, EV 106.3 MPH)
Bottom of the 8th over - 0 runs, 0 hits, 1 error, 1 left on base; Geelong 9 - Essendon 2
TOP OF THE 9TH
Geelong Cats batting - Pitching for Essendon Knights : RHP Matthew Westaway
Now at SS: Alex Barria
Batting: RHB Frederick Ella 0-0: Called Strike
0-1: Fly out, F4 (Popup, 4, EV 68.1 MPH)
Batting: RHB Rusty Corey 0-0: Ball
1-0: Called Strike
1-1: Called Strike
1-2: SINGLE (Line Drive, 6MD, EV 96.3 MPH)
Batting: RHB Erik Lucking 0-0: Ball
1-0: Grounds into double play, 5-4-3 (Groundball, 56S, EV 88.1 MPH)
Top of the 9th over - 0 runs, 1 hit, 0 errors, 0 left on base; Geelong 9 - Essendon 2
BOTTOM OF THE 9TH
Essendon Knights batting - Pitching for Geelong Cats : RHP E.C. Alaula
Batting: SHB Claud Gard 0-0: Fly out, F6 (Popup, P, EV 89.4 MPH)
Batting: LHB Tristan Starling 0-0: Ball
1-0: Called Strike
1-1: Swinging Strike
1-2: Strikes out swinging
Batting: RHB Chase Binns 0-0: Called Strike
0-1: Foul Ball, location: 2F
0-2: Strikes out swinging
Bottom of the 9th over - 0 runs, 0 hits, 0 errors, 0 left on base; Geelong 9 - Essendon 2
Sunday, May 5th , 2024 - OOTP Baseball 24.9 Build 80